Map: Abyssal Reef LE

Players

Geeden

  • Race: Zerg Zerg
  • League: Master
  • Spawn Location: 5:00

FireZerg - Winner!

  • Race: Zerg Zerg
  • Spawn Location: 11:00

Event: HopeTL

VOD

https://www.youtube.com/watch?v=fIOJgj8wW98&list=PL9QsjkBYtQM7NVZEDVfaNugqO61aBOlm6

Description

Time

  • Played on: Sept. 20, 2017, 7:06 p.m.
  • Length: 8:59
Show
View Real Time Build Order
Export as new Build Order

Geeden Zerg 

Build Orders: Hatch First, Zergling Baneling 

Get SALT Encoding   

  12  0:00  Drone  
  13  0:13  Overlord  
  13  0:17  Drone  
  14  0:32  Drone x2  
  17  0:35  Drone  
  17  0:53  Hatchery  
  16  1:06  Spawning Pool  
  16  1:09  Drone  
  16  1:13  Drone  
  16  1:16  Extractor  
  16  1:18  Drone  
  16  1:23  Drone  
  18  1:32  Drone  
  19  1:43  Overlord  
  19  1:53  Spine Crawler, Queen  
  20  1:54  Zergling x2  
  21  2:04  Zergling x2  
  21  2:06  Zergling x2  
  23  2:14  Zergling x2  
  24  2:16  Zergling x2  
  24  2:21  Metabolic Boost  
  25  2:28  Zergling x4  
  27  2:36  Baneling Nest  
  26  2:38  Drone  
  27  2:49  Drone  
  28  2:59  Hatchery  
  28  3:04  Overlord  
  27  3:12  Zergling x4  
  25  3:15  Zergling x2  
  25  3:20  Zergling x2  
  25  3:27  Zergling x2  
  25  3:30  Baneling x2  
  25  3:36  Zergling x6  
  25  3:41  Zergling x2  
  28  3:52  Baneling x2  
  28  3:54  Zergling x2  
  28  4:04  Zergling x2  
  28  4:13  Hatchery  
  28  4:15  Zergling x6  
  28  4:18  Baneling  
  28  4:20  Baneling  
  28  4:25  Drone  
  29  4:32  Evolution Chamber  
  29  4:35  Drone  
  29  4:39  Baneling x6  
  30  4:48  Drone  
  30  5:06  Zergling x2  
  30  5:07  Zergling x4  
  27  5:20  Queen  
  27  5:22  Zergling x4  
  27  5:28  Evolution Chamber  
  28  5:32  Zergling x4  
  28  5:34  Baneling  
  30  5:42  Zergling x2  
  31  5:46  Zergling x2  
  31  5:52  Baneling  
  31  5:53  Baneling  
  31  5:55  Zergling x8  
  35  6:00  Zerg Melee Weapons Level 1  
  35  6:13  Baneling  
  33  6:18  Baneling  
  33  6:19  Baneling  
  33  6:22  Zergling x14  
  38  6:29  Drone  
  38  6:30  Drone x3  
  38  6:32  Baneling x2  
  42  6:45  Zergling x4  
  42  6:46  Zergling x4  
  38  7:04  Baneling  
  38  7:05  Zergling x12  
  40  7:21  Zergling x10  
  40  7:23  Baneling  
  40  7:25  Baneling  
  40  7:29  Zergling x2  
  41  7:35  Zergling x2, Drone  
  34  8:08  Zergling x6  
  33  8:20  Zergling x4  
  33  8:25  Zergling x4, Hatchery  
  30  8:36  Zergling x4  
  29  8:42  Zergling x2  
Show
View Real Time Build Order
Export as new Build Order

FireZerg Zerg - Winner!

Build Orders: Pool First 

Get SALT Encoding   

  12  0:18  Spawning Pool  
  11  0:21  Drone  
  11  0:28  Drone  
  13  0:34  Drone  
  14  0:40  Overlord  
  14  0:48  Extractor, Drone  
  14  1:05  Zergling x4  
  16  1:15  Zergling x2  
  17  1:27  Hatchery  
  17  1:31  Zergling x2  
  17  1:37  Zergling x2  
  18  1:47  Metabolic Boost  
  18  1:52  Zergling x2  
  19  1:59  Zergling x2  
  20  2:08  Queen  
  22  2:16  Overlord  
  20  2:40  Queen  
  20  2:43  Zergling x6  
  25  2:50  Zergling x4  
  27  2:56  Zergling x2  
  28  3:02  Zergling x2  
  26  3:15  Zergling x4  
  26  3:19  Zergling x6  
  30  3:23  Zergling x2  
  31  3:30  Zergling x2  
  32  3:35  Drone  
  32  3:41  Drone  
  33  3:49  Drone x2  
  33  3:59  Drone x2  
  28  4:10  Drone x3  
  28  4:12  Drone  
  28  4:17  Drone  
  29  4:21  Zergling x2  
  29  4:24  Zergling x4  
  31  4:33  Baneling Nest  
  31  4:37  Evolution Chamber  
  29  4:40  Zergling x2  
  29  4:41  Zergling x2  
  29  4:43  Drone  
  32  4:46  Drone  
  32  4:51  Spine Crawler  
  32  4:56  Zergling x2  
  32  4:57  Zergling x2  
  33  5:13  Baneling Nest  
  32  5:19  Drone x3  
  31  5:30  Zerg Melee Weapons Level 1  
  31  5:34  Zergling x2  
  31  5:35  Zergling x2  
  33  5:44  Zergling x2  
  33  5:45  Zergling x2  
  34  5:56  Baneling x2  
  34  6:00  Zergling x4  
  34  6:01  Hatchery  
  34  6:04  Overlord  
  35  6:08  Overlord  
  34  6:20  Zergling x4  
  33  6:27  Drone x6  
  33  6:28  Baneling  
  33  6:30  Baneling  
  39  6:32  Baneling  
  39  6:33  Baneling  
  39  6:42  Zergling x8  
  38  6:49  Zergling x6  
  41  6:57  Zergling x2  
  41  6:58  Zergling x6  
  43  7:03  Zergling x2  
  43  7:08  Zergling x6  
  45  7:12  Zergling x2  
  46  7:15  Baneling  
  46  7:21  Baneling x8  
  45  7:23  Zergling x2  
  45  7:24  Zergling x2  
  45  7:27  Drone  
  48  7:35  Baneling x2  
  48  7:40  Zergling x12  
  51  7:57  Zergling x12  
  49  8:03  Zergling x2  
  47  8:08  Zergling x2  
  47  8:12  Zergling x12  
  51  8:25  Zergling x2  
  51  8:26  Zergling x6  
  54  8:29  Zergling x2  
Tags
 
Add a new tag
Caveats
  • Supply blocks, unpowered buildings, or Contaminate may cause inaccurate times.
  • Supply counts are checked every 10 seconds.